AoeStats
← taileibuxiang108

Arena

509386801Analyzed
4v4 RM · 6d ago on Sep 26, 2026· 44m 59s· 8 players
Game mode
Random Map
Map size
Large (8 player)
Population
200
Speed
Normal
Resources
Standard
Victory
Conquest
Starting age
Dark Age
Ending age
Imperial Age
RankedLock teamsTeams togetherTeam positionsShared explorationLock speedFull tech treeHidden civsTurbo modeCheats
Victory
Defeat
🇭🇰 Slavs · Hong Kong SAR China
1308
+13
🇭🇰 Saxons · Hong Kong SAR China
1306
+13
🇭🇰 Varangians · Hong Kong SAR China
1250
+16
🇨🇳 Lithuanians · China
1210
+18
🇨🇳 Romans · China
1259
-16
🇧🇷 Portuguese · Brazil
1254
-15
1248
-15
🇵🇱 Danes · Poland
1226
-14
caio_pantaneiro
9:50 Feudal Age
14:13 Castle Age
12:30 Double-Bit Axe
15:05 Bow Saw
17:26 Loom
18:50 Horse Collar
21:48 Wheelbarrow
21:13 Gold Mining
22:04 Stone Mining
28:23 Imperial Age
26:44 Pikeman
28:59 Scale Mail Armor
29:10 Forging
28:50 Fletching
29:33 Halberdier
31:16 Sanctity
31:06 Fervor
32:16 Chemistry
32:48 Chain Mail Armor
33:23 Conscription
35:12 Plate Mail Armor
35:17 Iron Casting
36:38 Padded Archer Armor
Lokietek
9:49 Feudal Age
10:25 Double-Bit Axe
17:41 Castle Age
15:49 Horse Collar
16:20 Gold Mining
18:51 Bow Saw
19:48 Wheelbarrow
21:13 Masonry
21:25 Heavy Plow
21:58 Loom
22:40 Scale Mail Armor
22:51 Forging
23:19 Gambesons
24:55 Chain Mail Armor
25:55 Iron Casting
27:52 Arson
28:07 Squires
28:33 Hand Cart
28:04 Town Watch
31:19 Imperial Age
32:50 Gold Shaft Mining
32:48 Plate Mail Armor
33:18 Blast Furnace
31:42 Elite Varangian Guard
32:43 Hamask
33:47 Conscription
33:50 Capped Ram
40:03 Elite Jomsviking
40:49 Fletching
taileibuxiang108
10:46 Feudal Age
14:30 Castle Age
12:29 Double-Bit Axe
12:30 Horse Collar
14:08 Wheelbarrow
16:12 Loom
16:37 Loom
16:38 Town Watch
24:07 Bow Saw
24:00 Heavy Plow
27:40 Gold Mining
27:41 Stone Mining
27:17 Pikeman
27:53 Man-at-Arms
40:00 Imperial Age
37:11 Long Swordsman
38:17 Squires
39:59 Scale Mail Armor
40:10 Forging
41:03 Gold Shaft Mining
40:09 Legionary
40:34 Halberdier
41:59 Hand Cart
41:44 Town Patrol
41:17 Capped Ram
43:12 Ballistics
43:52 Chemistry
42:54 Siege Ram
44:32 Heavy Scorpion
DAO HAO DOG HAVE DEAD FAMILY
11:05 Feudal Age
16:06 Castle Age
14:24 Double-Bit Axe
22:06 Imperial Age
21:32 Padded Archer Armor
21:17 Horse Collar
22:17 Wheelbarrow
21:30 Loom
22:48 Leather Archer Armor
27:47 Ring Archer Armor
44:51 Artillery
Theodore
7:42 Loom
9:50 Feudal Age
13:48 Castle Age
11:52 Horse Collar
12:15 Double-Bit Axe
15:47 Bow Saw
18:41 Wheelbarrow
18:33 Heavy Plow
20:57 Loom
21:23 Town Watch
22:21 Gold Mining
22:21 Stone Mining
23:53 Scale Barding Armor
23:58 Forging
25:21 Chain Barding Armor
26:44 Bloodlines
26:34 Husbandry
27:39 Husbandry
28:34 Iron Casting
31:44 Stone Mining
32:33 Town Patrol
32:59 Town Patrol
38:11 Imperial Age
36:23 Squires
36:08 Arson
36:58 Scale Mail Armor
39:38 Plate Barding Armor
40:16 Blast Furnace
39:24 Elite Varangian Guard
39:40 Cavalier
41:39 Chain Mail Armor
40:48 Vendel Legacy
40:56 Vendel Legacy
44:00 Conscription
3HK
10:51 Feudal Age
14:30 Castle Age
12:59 Double-Bit Axe
13:05 Loom
14:41 Fletching
15:32 Horse Collar
19:32 Wheelbarrow
19:49 Guard Tower
20:55 Bodkin Arrow
21:34 Town Watch
24:15 Clerical Recruitment
24:56 Gold Mining
26:57 Redemption
29:22 Sanctity
34:12 Imperial Age
35:14 Block Printing
36:36 Illumination
37:27 Bracer
41:30 Theocracy
lebron
10:02 Feudal Age
14:12 Castle Age
14:03 Double-Bit Axe
14:11 Gold Mining
14:43 Horse Collar
15:45 Bow Saw
17:34 Gold Shaft Mining
18:58 Loom
19:49 Scale Mail Armor
20:15 Man-at-Arms
21:20 Squires
21:28 Long Swordsman
23:20 Squires
26:14 Wheelbarrow
26:47 Stone Mining
29:24 Heavy Plow
34:40 Imperial Age
33:38 Chain Mail Armor
34:33 Forging
34:39 Pikeman
35:20 Two-Handed Swordsman
36:38 Iron Casting
36:36 Conscription
37:32 Plate Mail Armor
37:34 Crop Rotation
37:14 Champion
40:20 Hand Cart
39:40 Halberdier
40:33 Masonry
41:16 Druzhina
41:27 Caravan
44:09 Blast Furnace
43:13 Capped Ram
xygogo
10:49 Feudal Age
12:23 Double-Bit Axe
14:58 Castle Age
14:03 Horse Collar
18:54 Bow Saw
20:14 Wheelbarrow
23:00 Gold Mining
23:43 Stone Mining
25:43 Heavy Plow
29:16 Imperial Age
26:37 Loom
26:38 Town Watch
27:54 Stone Shaft Mining
27:28 Scale Barding Armor
27:46 Hand Cart
27:58 Husbandry
28:12 Bloodlines
31:01 Chain Barding Armor
31:31 Conscription
30:33 Elite Leitis
32:52 Plate Barding Armor
31:52 Light Cavalry
32:37 Cavalier
32:47 Winged Hussar
34:19 Forging
35:46 Iron Casting
36:30 Crop Rotation
37:01 Two-Man Saw
41:09 Town Patrol
43:28 Fletching
43:53 Guilds
44:13 Coinage
Connection lost

Rejoining the realm…

Still unreachable

The connection could not be restored.

Session expired

The server has moved on; the page needs a fresh start.